 Dungeon Crawl Stone Soup version 0.20.1-1-g8b1a95d (console) character file.

23 bli the Conjurer (level 2, -3/22 HPs)
             Began as a Draconian Conjurer on Aug 12, 2017.
             Slain by a kobold
             ... wielding a +0 short sword
              (7 damage)
             ... on level 2 of the Dungeon.
             The game lasted 00:05:38 (1281 turns).

bli the Conjurer (Draconian Conjurer)               Turns: 1281, Time: 00:05:38

Health: -3/22      AC:  4    Str: 10    XL:     2   Next: 72%
Magic:  1/5        EV: 12    Int: 15    God:
Gold:   90         SH:  0    Dex: 11    Spells: 2/5 levels left

rFire    . . .     SeeInvis .   l - +0 whip
rCold    . . .     Gourm    .   (no shield)
rNeg     . . .     Faith    .   (armour unavailable)
rPois    .         Spirit   .   (helmet restricted)
rElec    .         Reflect  .   (no cloak)
rCorr    .         Harm     .   (no gloves)
MR       .....                  (no boots)
Stlth    ++........             (no amulet)
Regen    0.1/turn               (no ring)
MPRegen  0.1/turn               (no ring)

@: no status effects
A: unfitting armour, cold-blooded, AC +4
a: no special abilities


You were on level 2 of the Dungeon.
You were not hungry.

You visited 1 branch of the dungeon, and saw 2 of its levels.

You collected 90 gold pieces.

Inventory:

Hand Weapons
 l - a +0 whip (weapon)
Missiles
 i - 5 stones (quivered)
Scrolls
 c - 3 scrolls of identify {unknown}
 d - 2 scrolls of remove curse {unknown}
 e - 2 scrolls of enchant weapon {unknown}
 h - a scroll of teleportation {unknown}
 j - a scroll of noise {unknown}
Potions
 g - 2 potions of flight {unknown}
 k - a potion of heal wounds {unknown}
 m - a potion of cancellation {unknown}
Books
 a - a book of Conjurations

   Spells                             Type                      Level
   a - Magic Dart                     Conjuration                  1
   b - Searing Ray                    Conjuration                  2
   c - Dazzling Spray                 Conjuration/Hexes            3
   d - Fulminant Prism                Conjuration/Hexes            4
   e - Force Lance                    Conjuration/Translocation    4
   f - Iskenderun's Mystic Blast      Conjuration                  4
Comestibles
 b - 3 bread rations
 f - 2 royal jellies


   Skills:
 * Level 0.9 Fighting
 + Level 2.0 Dodging
 + Level 1.8 Stealth
 * Level 2.3 Spellcasting
 + Level 4.2 Conjurations


You had 2 spell levels left.
You knew the following spells:

 Your Spells              Type           Power        Failure   Level  Hunger
a - Magic Dart            Conj           ##..         3%          1    #......
r - Searing Ray           Conj           ##....       5%          2    ###....


Dungeon Overview and Level Annotations

Branches:
Dungeon (2/15)

Altars:


Innate Abilities, Weirdness & Mutations

Your plain brown scales are hard. (AC +4)
You cannot fit into any form of body armour.
You are cold-blooded and may be slowed by cold attacks.


Message History

The worm is severely wounded.
The worm barely misses you.
There is an open door here.
Casting: Magic Dart
Confirm with . or Enter, or press ? or * to list all spells.
Aiming: Magic Dart
Press: ? - help, Shift-Dir - straight line, f - kobold
Aim: a kobold, wielding a short sword and wearing a leather armour The magic dart hits the kobold.
Casting: Magic Dart
Confirm with . or Enter, or press ? or * to list all spells.
Aiming: Magic Dart
Press: ? - help, Shift-Dir - straight line, f/p - kobold
Aim: a kobold, wielding a short sword and wearing a leather armour The magic dart hits the kobold.
You barely miss the kobold.
The kobold hits you with a short sword. x2
* * * LOW HITPOINT WARNING * * *
You barely miss the kobold. The kobold hits you but does no damage.
You barely miss the kobold. The kobold hits you with a short sword!
You die...

###.#.#..##...##.......
######.#.#...............# .
#.................###....# .
#.##.............## #..#.# .
#.##.#.#.........# #..#.##.
#.##+#.........).####.......
#.#...####..................
#.#...# ##'##..............
#.#[.w# #.##..............
#.##.######K##...####..#.#..
#.........#@#....# #.##.#..
####......#.##...####.##.#..
#.............##...##.#..
.................##......#..
#.###.............##...####..
#.####.#.####.#########.. #+#
#.#.####.####.......
#.#.##..............
#.#.####......#####.
#.#<####.###..#...#. #
#...............


You could see a kobold.

Vanquished Creatures
  A dart slug (D:1)
  A goblin (D:2)
  A hobgoblin (D:1)
  6 jackals (D:1)
  2 bats
  5 frilled lizards (D:1)
  2 kobolds (D:1)
  2 rats (D:2)
20 creatures vanquished.

Notes
Turn   | Place    | Note
-------+----------+-------------------------------------------
     0 | D:1      | bli the Draconian Conjurer began the quest for the Orb.
     0 | D:1      | Reached XP level 1. HP: 14/14 MP: 3/3
   350 | D:1      | Reached XP level 2. HP: 22/22 MP: 0/5
   354 | D:1      | Learned a level 2 spell: Searing Ray
  1281 | D:2      | Slain by a kobold

Skill      XL: |  1  2 |
---------------+-------+-----
Dodging        | 2 |  2.0
Fighting       | |  0.9
Stealth        | |  1.8
Spellcasting   | |  2.3
Conjurations   | |  4.2

Action                   || total
-------------------------++-------
Melee: Unarmed           ||    35
       Whip              ||    23
       Tailslap          ||     4
Throw: Stone             ||     5
 Cast: Magic Dart        ||    58
  Eat: Chunk             ||     2
Armor: Skin              ||    14
Dodge: Dodged            ||    36
